 Dungeon Crawl Stone Soup version 0.29-a0-919-gd064cfad1c (webtiles) character file.

Game seed: 8419886683125706748

530 ptdevnull the Skirmisher (level 7, -1/56 HPs)
             Began as a Minotaur Hunter on July 27, 2022.
             Was an Initiate of Okawaru.
             Slain by an orc
             ... wielding a +0 whip
              (3 damage)
             ... on level 5 of the Dungeon.
             The game lasted 00:07:24 (3962 turns).

ptdevnull the Skirmisher (Minotaur Hunter)          Turns: 3962, Time: 00:07:24

Health: -1/56      AC:  5    Str: 16    XL:     7   Next: 3%
Magic:  6/6        EV: 11    Int:  6    God:    Okawaru [......]
Gold:   204        SH:  0    Dex: 15    Spells: 6/6 levels left

rFire   . . .      SeeInvis .   a - +0 shortbow
rCold   . . .      Faith    .   (shield currently unavailable)
rNeg    . . .      Spirit   .   q - +0 ring mail
rPois   +          Reflect  .   (helmet restricted)
rElec   .          Harm     .   (no cloak)
rCorr   .          Rampage  .   (no gloves)
Will    .....                   (no boots)
Stlth   +.........              (no amulet)
HPRegen 0.18/turn               j - ring of poison resistance
MPRegen 0.10/turn               (no ring)

@: no status effects
A: horns 2, retaliatory headbutt
a: Renounce Religion


You were on level 5 of the Dungeon.
You worshipped Okawaru.
Okawaru was noncommittal.
You visited 2 branches of the dungeon, and saw 6 of its levels.

You collected 204 gold pieces.

Inventory:

Hand Weapons
 a - a +0 shortbow (weapon)
 b - a +2 short sword of electrocution
 n - a +0 rapier
Armour
 c - a +0 leather armour
 q - a +0 ring mail (worn)
 v - a +0 pair of gloves
Jewellery
 j - a ring of poison resistance (left hand)
Wands
 w - a wand of mindburst (12)
Scrolls
 e - 2 scrolls of magic mapping {unknown}
 f - a scroll of poison {unknown}
 g - 2 scrolls of identify
 h - 3 scrolls of enchant armour {unknown}
 k - 2 scrolls of blinking {unknown}
 l - 2 scrolls of teleportation {unknown}
 o - a scroll of enchant weapon {unknown}
 p - a scroll of fear {unknown}
 s - a scroll of butterflies {unknown}
 t - 2 scrolls of immolation
Potions
 d - a potion of invisibility {unknown}
 i - 5 potions of curing
 m - 2 potions of degeneration {unknown}
 r - 2 potions of mutation {unknown}
 u - a potion of lignification {unknown}


   Skills:
 - Level 2.4 Fighting
 + Level 9.3 Ranged Weapons
 - Level 2.1 Dodging
 - Level 0.7 Stealth


You had 6 spell levels left.
You didn't know any spells.
Your spell library contained the following spells:

 Spells                   Type           Power      Damage    Failure   Level
 Ozocubu's Armour         Ice            0%         N/A       96%         3
 Ozocubu's Refrigeration  Ice            0%         4d5       100%        7


Dungeon Overview and Level Annotations

Branches:
Dungeon (5/15)             Temple (1/1) D:4

Altars:
Ashenzari
Dithmenos
Elyvilon
Fedhas
Gozag
Kikubaaqudgha
Makhleb
Okawaru
Qazlal
Ru
Sif Muna
Trog
Vehumet
Wu Jian
Xom
Yredelemnul
The Shining One

Shops:
D:3 [


Innate Abilities, Weirdness & Mutations

You have a pair of horns on your head.
You reflexively headbutt those who attack you in melee.


Message History

Aim: a worm (heavily wounded, 81% to hit)
You shoot an arrow. The arrow hits the worm.
The worm is severely wounded.
Unknown command.
Fire: a) +0 shortbow
Press: ? - help, Q - select action, (/) - cycle Shift-Dir - straight line, f/p - worm
Aim: a worm (heavily wounded, 81% to hit)
You shoot an arrow. The arrow hits the worm!
You kill the worm!
Okawaru accepts your kill.
A gnoll is nearby!
Fire: a) +0 shortbow
Press: ? - help, Q - select action, (/) - cycle Shift-Dir - straight line, f - gnoll
Aim: a gnoll, wielding a +0 halberd (wandering, hasn't noticed you, 68% to hit)
You shoot an arrow. The arrow barely misses the gnoll.
The gnoll shouts!
You hear a shout!
Fire: a) +0 shortbow
Press: ? - help, Q - select action, (/) - cycle Shift-Dir - straight line, f/p - gnoll
Aim: a gnoll, wielding a +0 halberd (68% to hit)
You shoot an arrow. The arrow closely misses the gnoll.
An orc comes into view. It is wielding a +0 whip.
The gnoll hits you from afar with a +0 halberd!
* * * LOW HITPOINT WARNING * * *
The gnoll hits you from afar with a +0 halberd.
* * * LOW HITPOINT WARNING * * *
The orc shouts!
The orc closely misses you.
You open the door. The orc completely misses you. The gnoll barely misses you.
The orc hits you with a +0 whip.
* * * LOW HITPOINT WARNING * * *
There is an open door here.
The orc attacks as you move away! The orc closely misses you.
The gnoll sergeant shouts!
As you read the scroll labelled XIBRIP EBLUEDD, it crumbles to dust.
It is a scroll of identify.
i - 5 potions of curing The gnoll shouts!
The orc hits you with a +0 whip.
You die...

#..#.......#######....#
#..'..................#
#..#..................#
#..#..................#
#..#..................#
#..###'####...........#
#.........g...........#
#..[.....o#...........#
#.......@.######'#)...#
#.)..........g...#....#
#.<##.....##..g..#....#..
#..##.....##.....#....#..
#...#.....##.....#....#..
#...+............+....#..
#..##.....##.....#....#.#
#..#########.....######.#
#... .......'g....#


You could see a gnoll sergeant, 2 gnolls and an orc.

Vanquished Creatures
  An ice beast (D:5)
  An ogre (D:4)
  A centaur (D:5)
  2 hounds
  A jelly (D:4)
  An iguana (D:3)
  A gnoll (D:4)
  4 adders
  4 worms
  A dart slug (D:2)
  8 orcs
  7 endoplasms
  4 giant cockroaches
  8 goblins
  5 hobgoblins
  7 jackals
  4 quokkas
  16 ball pythons
  6 bats
  A frilled lizard (D:1)
  9 kobolds
  4 rats
96 creatures vanquished.

Notes
Turn   | Place    | Note
-------+----------+-------------------------------------------
     0 | D:1      | ptdevnull the Minotaur Hunter began the quest for the Orb.
     0 | D:1      | Reached XP level 1. HP: 18/18 MP: 0/0
   323 | D:1      | Reached XP level 2. HP: 25/25 MP: 1/1
   331 | D:1      | Reached skill level 5 in Ranged Weapons
   903 | D:2      | Reached XP level 3. HP: 30/30 MP: 2/2
  1007 | D:2      | Reached skill level 6 in Ranged Weapons
  1314 | D:2      | Reached XP level 4. HP: 35/37 MP: 3/3
  1481 | D:3      | Found a shimmering altar of Xom.
  1496 | D:3      | Found a shimmering blue altar of Sif Muna.
  1607 | D:3      | Found Mainne's Antique Armour Shop.
  1799 | D:3      | Found a shadowy altar of Dithmenos.
  2061 | D:4      | Reached skill level 7 in Ranged Weapons
  2061 | D:4      | Reached XP level 5. HP: 34/42 MP: 4/4
  2124 | D:4      | Noticed an ogre
  2758 | D:4      | Found a glowing golden altar of the Shining One.
  2904 | D:4      | Killed an ogre
  2905 | D:4      | Reached skill level 8 in Ranged Weapons
  2905 | D:4      | Reached XP level 6. HP: 22/50 MP: 5/5
  3110 | D:4      | Found a staircase to the Ecumenical Temple.
  3125 | Temple   | Entered the Ecumenical Temple
  3311 | Temple   | Became a worshipper of Warmaster Okawaru
  3401 | D:4      | Found a white marble altar of Elyvilon.
  3411 | D:4      | Found a sacrificial altar of Ru.
  3440 | D:5      | Entered Level 5 of the Dungeon
  3904 | D:5      | Noticed an ice beast
  3919 | D:5      | Killed an ice beast
  3920 | D:5      | Reached skill level 9 in Ranged Weapons
  3920 | D:5      | Reached XP level 7. HP: 12/56 MP: 6/6
  3959 | D:5      | HP: 2/56 [orc/+0 whip (2)]
  3962 | D:5      | Slain by an orc

Illustrated notes

Levels and vault maps discovered:
D:1:      dpeg_arrival_simpleton_c, layout_loops_ring
D:2:      layout_basic
D:3:      layout_basic, mainiacjoe_overflow_alcove_1,
          nicolae_overflow_crystal_walls, xom_butterflies, serial_shops,
          nicolae_shop_waterfront, kennysheep_generic_room_11
D:4:      layout_rooms, tso_metal_star, amethyst_overflow_temple_binary,
          temple_hall
D:5:      layout_gridville, zin_angel
Temple:   grunt_temple_mini_profane

Skill      XL: |  1  2  3  4  5  6 |
---------------+-------------------+-----
Ranged Weapons | 5 6 7 8 9 |  9.3
Fighting       | |  2.4
Dodging        | |  2.1
Stealth        | |  0.7

Action                   |  1- 3 |  4- 6 |  7- 9 || total
-------------------------+-------+-------+-------++-------
Melee: Short sword       |       |     9 |       ||     9
       Headbutt          |       |     1 |       ||     1
 Fire: Shortbow          |   109 |   158 |     6 ||   273
  Use: Scroll            |       |       |     1 ||     1
Armor: Leather armour    |    11 |    18 |       ||    29
       Ring mail         |       |    17 |       ||    17
Dodge: Dodged            |    26 |    88 |     4 ||   118

Table legend: (Time is in decaauts)
 A = Elapsed time spent in this place.
 B = Non-inter-level travel time spent in this place.
 C = Inter-level travel time spent in this place.
 D = Time resting spent in this place.
 E = Time spent auto-exploring this place.
 F = Levels seen in this place.
 G = Mean time per level.
                   A        B        C        D        E       F      G
               +--------+--------+--------+--------+--------+-----+--------+
         Total |   4022 |   3711 |    311 |    339 |   2751 |   6 |  670.3 |
       Dungeon |   3796 |   3546 |    250 |    339 |   2593 |   5 |  759.2 |
        Temple |    225 |    164 |     61 |      0 |    158 |   1 |  225.0 |
               +--------+--------+--------+--------+--------+-----+--------+

Top non-repeatable levels by time:
     D:4: 1048 daAuts
     D:3: 1042 daAuts
     D:1: 760 daAuts
     D:2: 618 daAuts
     D:5: 325 daAuts
  Temple: 225 daAuts
